AoeStats
← TheDayDollarDie

Arabia

508849837Analyzed
1v1 RM · 7d ago on Sep 24, 2026· 27m 37s· 2 players
Game mode
Random Map
Map size
Tiny (2 player)
Population
200
Speed
Normal
Resources
Standard
Victory
Conquest
Starting age
Dark Age
Ending age
Imperial Age
RankedLock teamsTeams togetherTeam positionsShared explorationLock speedFull tech treeHidden civsTurbo modeCheats
Victory
Defeat
🇪🇸 Maya · Spain
950
+14
🇫🇷 Franks · France
904
-14
TheDayDollarDie
11:08 Feudal Age
11:56 Double-Bit Axe
22:41 Castle Age
23:25 Wheelbarrow
23:03 Fletching
23:36 Husbandry
Posmiradagusto
0:26 Loom
9:58 Feudal Age
10:36 Double-Bit Axe
11:41 Town Watch
13:43 Gold Mining
16:14 Scale Mail Armor
18:12 Horse Collar
18:59 Forging
19:55 Wheelbarrow
23:31 Castle Age
22:15 Arson
24:33 Chain Mail Armor
24:23 Squires
23:56 Eagle Warrior
25:15 Iron Casting
28:20 Bow Saw
28:11 Heavy Plow
Connection lost

Rejoining the realm…

Still unreachable

The connection could not be restored.

Session expired

The server has moved on; the page needs a fresh start.